 Dungeon Crawl Stone Soup version 0.29.0-11-gd7f09526c8 (webtiles) character file.

Game seed: 15227219483647482727

989 KamiKatze the Chopper (level 8, -2/49 HPs)
             Began as a Gargoyle Fighter on Sept 6, 2022.
             Slain by an ogre
             ... wielding a +0 giant spiked club
              (15 damage)
             ... on level 6 of the Dungeon.
             The game lasted 00:14:12 (5868 turns).

KamiKatze the Chopper (Gargoyle Fighter)            Turns: 5868, Time: 00:14:13

Health: -2/49      AC: 13    Str: 22    XL:     8   Next: 18%
Magic:  8/8        EV:  9    Int:  9    God:
Gold:   218        SH:  4    Dex:  9    Spells: 7/7 levels left

rFire   . . .      SeeInvis .   a - +0 war axe
rCold   . . .      Faith    .   c - +0 buckler
rNeg    + . .      Spirit   .   b - +0 scale mail
rPois   ∞          Reflect  .   (no helmet)
rElec   +          Harm     .   (no cloak)
rCorr   +          Rampage  .   (no gloves)
Will    +....                   r - +0 pair of boots
Stlth   ..........              (no amulet)
HPRegen 0.16/turn               j - ring of resist corrosion
MPRegen 0.11/turn               y - ring of willpower

@: no status effects
A: sickness immunity, AC +5, negative energy resistance 1, electricity
resistance, torment resistance 1, petrification resistance
a: no special abilities


You were on level 6 of the Dungeon.
You visited 2 branches of the dungeon, and saw 7 of its levels.

You collected 287 gold pieces.
You spent 69 gold pieces at shops.

Inventory:

Hand Weapons
 a - a +0 war axe (weapon)
 i - a +0 hand axe of freezing
 w - a +0 flail
 x - a +0 morningstar
Missiles
 e - 67 stones
 g - 3 atropa-tipped darts
 o - 4 curare-tipped darts (quivered)
 u - a throwing net
Armour
 b - a +0 scale mail (worn)
 c - a +0 buckler (worn)
 l - a +0 kite shield
 q - a +0 plate armour
 r - a +0 pair of boots (worn)
Jewellery
 j - a ring of resist corrosion (left hand)
 y - a ring of willpower (right hand)
Wands
 v - a wand of quicksilver (3)
 z - a wand of digging (4)
Scrolls
 h - 3 scrolls of fear
 p - 5 scrolls of identify
 t - 3 scrolls of teleportation
 A - a scroll of fog {unknown}
 B - 2 scrolls of enchant weapon {unknown}
Potions
 d - a potion of might
 f - a potion of magic
 k - 3 potions of mutation
 n - 2 potions of brilliance
 s - a potion of curing


   Skills:
 - Level 5.0 Fighting
 * Level 7.0 Axes
 - Level 2.0 Throwing
 - Level 3.2 Armour
 - Level 4.0 Shields
 - Level 2.0 Evocations


You had 7 spell levels left.
You didn't know any spells.
Your spell library contained the following spells:

 Spells                   Type           Power      Damage    Failure   Level
 Foxfire                  Conj/Fire      0%         2x1d4     80%         1
 Ensorcelled Hibernation  Hex/Ice        0%         N/A       91%         2
 Scorch                   Fire           0%         2d5       91%         2
 Static Discharge         Conj/Air       0%         3-3/arc   91%         2
 Conjure Flame            Conj/Fire      0%         6-21      99%         3
 Ignite Poison            Fire/Tmut/Pois 0%         N/A       99%         3
 Inner Flame              Hex/Fire       0%         N/A       99%         3
 Portal Projectile        Hex/Tloc       0%         N/A       99%         3
 Spider Form              Tmut/Pois      0%         N/A       99%         3
 Stone Arrow              Conj/Erth      0%         3d7       99%         3
 Tukima's Dance           Hex            0%         N/A       99%         3
 Anguish                  Hex/Necr       0%         N/A       100%        4
 Animate Armour           Summ/Erth      0%         N/A       100%        4
 Dispel Undead            Necr           0%         3d6       100%        4
 Flame Wave               Conj/Fire      0%         2d4       100%        4
 Sticky Flame             Conj/Fire      0%         2d3       100%        4
 Blade Hands              Tmut           0%         N/A       100%        5
 Summon Cactus Giant      Summ           0%         N/A       100%        6
 Lehudib's Crystal Spear  Conj/Erth      0%         10d2      100%        8
 Chain Lightning          Conj/Air       0%         N/A       100%        9
 Fire Storm               Conj/Fire      0%         5d1       100%        9
 Shatter                  Erth           0%         3d5*      100%        9


Dungeon Overview and Level Annotations

Branches:
Dungeon (6/15)             Temple (1/1) D:4

Altars:
Ashenzari
Cheibriados
Dithmenos
Elyvilon
Fedhas
Gozag
Hepliaklqana
Kikubaaqudgha
Makhleb
Okawaru
Qazlal
Ru
Sif Muna
Uskayaw
Vehumet
Wu Jian
Xom
Yredelemnul
Zin

Shops:
D:2 =   D:4 *


Innate Abilities, Weirdness & Mutations

You are immune to sickness and miasma.
Your stone body is resilient. (AC +5)
You are immune to poison.
You resist negative energy. (rN+)
You are resistant to electric shocks. (rElec)
You are resistant to unholy torment.
You are immune to petrification.


Message History

You now have 218 gold pieces (gained 17).
Saving game... please wait.
Welcome back, KamiKatze the Gargoyle Fighter.
Press ? for a list of commands and other information.
There is a stone staircase leading up here.
You start resting.
You feel a little less mighty now.
You start resting.
HP restored.
Things that are here:
a +0 robe; a +0 spear Key pressed, stopping explore.
Things that are here:
a +0 robe; a +0 spear Saving game... please wait.
Welcome back, KamiKatze the Gargoyle Fighter.
Press ? for a list of commands and other information.
An ice beast comes into view.
Found 12 gold pieces.
An ogre comes into view. It is wielding a +0 giant spiked club.
Found a stone staircase leading up.
The ogre shouts!
You slash the ogre!
The ogre is moderately wounded.
You block the ogre's attack.
You hit the ogre.
The ogre is heavily wounded.
The ogre hits you with a +0 giant spiked club!!
You are too injured to fight recklessly!
You are too injured to fight recklessly!
You barely miss the ogre.
The ogre is heavily wounded.
You barely miss the ogre.
The ogre is heavily wounded.
The ogre hits you with a +0 giant spiked club!
* * * LOW HITPOINT WARNING * * *
You hit the ogre.
The ogre is severely wounded.
The ogre hits you with a +0 giant spiked club!
You die...

..#...# #.... .#####.# ####. #.#
##.. #.### #..# #...## ####.##
####### ###..#### #....## ......#
###....###.##### .)..>.#
#####..........# .
......########..@OY####.#######.#
......#....[...##### #.####.....
...<........[[.# #.O.O......
......########## #####Y....$
......# ...... ......# #.Y...
......# ..... ####### ..... ....


You could see an ice beast and an ogre.

Vanquished Creatures
  A black bear (D:5)
  2 sky beasts (D:6)
  A necrophage (D:4)
  A scorpion (D:5)
  4 wights
  2 hounds (D:5)
  An orc priest (D:5)
  A gnoll bouda (D:3)
  Natasha (thrice) (D:4)
  8 gnolls
  6 adders
  A shadow imp (D:6)
  5 orcs
  4 endoplasms
  3 giant cockroaches
  7 hobgoblins
  8 kobolds
  5 quokkas
  8 ball pythons
  5 bats
  3 frilled lizards
  2 goblins
  4 rats (D:1)
85 creatures vanquished.

Vanquished Creatures (others)
  2 fungi (D:4)
  9 plants
11 creatures vanquished.

Grand Total: 96 creatures vanquished

Notes
Turn   | Place    | Note
-------+----------+-------------------------------------------
     0 | D:1      | KamiKatze the Gargoyle Fighter began the quest for the Orb.
     0 | D:1      | Reached XP level 1. HP: 14/14 MP: 1/1
    30 | D:1      | Reached skill level 2 in Axes
   212 | D:1      | Reached XP level 2. HP: 18/19 MP: 2/2
   300 | D:1      | You fall into a shaft and drop 1 floor!
   369 | D:2      | Found a faded altar of an unknown god.
   850 | D:2      | Found Ilur's Jewellery Boutique.
   913 | D:2      | Reached XP level 3. HP: 17/23 MP: 3/3
  1564 | D:2      | Reached XP level 4. HP: 29/29 MP: 4/4
  1568 | D:2      | Reached skill level 3 in Axes
  2907 | D:4      | Noticed Natasha
  2911 | D:4      | Killed Natasha
  2912 | D:4      | Reached XP level 5. HP: 33/34 MP: 5/5
  3012 | D:3      | Reached skill level 4 in Axes
  3268 | D:4      | Found a shadowy altar of Dithmenos.
  3412 | D:4      | Found a sacrificial altar of Ru.
  3412 | D:4      | Noticed Natasha
  3415 | D:4      | Killed Natasha
  3416 | D:4      | Reached XP level 6. HP: 32/39 MP: 6/6
  3541 | D:4      | Found a staircase to the Ecumenical Temple.
  3547 | Temple   | Entered the Ecumenical Temple
  3790 | D:4      | Reached skill level 5 in Fighting
  3831 | D:4      | Found an opulent altar of Gozag.
  3835 | D:4      | Found a blossoming altar of Fedhas.
  3885 | D:4      | Found Regewef's Assorted Antiques.
  3890 | D:4      | Bought a scroll labelled ZIXTUD RIWE for 23 gold pieces
  3890 | D:4      | Bought a scroll labelled KOXZIATUNAL for 23 gold pieces
  3890 | D:4      | Bought a scroll labelled SUZOS GIOS for 23 gold pieces
  4030 | D:4      | Noticed Natasha
  4045 | D:4      | Killed Natasha
  4220 | D:5      | Entered Level 5 of the Dungeon
  4283 | D:5      | Noticed a black bear
  4296 | D:5      | Killed a black bear
  4297 | D:5      | Reached skill level 5 in Axes
  4548 | D:5      | Reached XP level 7. HP: 11/44 MP: 7/7
  5018 | D:5      | Reached skill level 1 in Evocations
  5024 | D:5      | Reached skill level 1 in Throwing
  5257 | D:5      | Found a hide-covered altar of Uskayaw.
  5368 | D:5      | Reached skill level 6 in Axes
  5581 | D:6      | Reached XP level 8. HP: 14/49 MP: 8/8
  5583 | D:6      | Reached skill level 7 in Axes
  5868 | D:6      | Slain by an ogre

Illustrated notes

Levels and vault maps discovered:
D:1:      grunt_arrival_crossed_arrows, layout_rooms, hangedman_glass_teeth
D:2:      layout_loops_corners, serial_shops, shop,
          chequers_ecumenical_altar_simple
D:3:      layout_basic, roderic_nine_men_s_morris, serial_bayou_pond_d,
          minmay_ruptured
D:4:      layout_loops_ring, nicolae_ru_the_path_less_chosen,
          mainiacjoe_overflow_paths, mainiacjoe_overflow_big_doors,
          minmay_temple_entry_butterflies, serial_shops, shop_fountains,
          uniq_natasha
D:5:      layout_basic, mainiacjoe_overflow_boulevard,
          chequers_decorated_corner, kennysheep_generic_room_16
D:6:      layout_rooms
Temple:   nicolae_temple_bog_church

Skill      XL: |  1  2  3  4  5  6  7  8 |
---------------+-------------------------+-----
Axes           | 2 3 4 5 6 7 |  7.0
Shields        | 4 |  4.0
Fighting       | 4 5 |  5.0
Evocations     | 2 |  2.0
Throwing       | 2 |  2.0
Armour         | |  3.2

Action                   |  1- 3 |  4- 6 |  7- 9 || total
-------------------------+-------+-------+-------++-------
Melee: War axe           |    96 |   134 |   108 ||   338
  Use: Scroll            |     4 |     9 |       ||    13
       Potion            |     1 |       |     4 ||     5
Armor: Scale mail        |    61 |    75 |    65 ||   201
Dodge: Dodged            |    53 |    55 |    36 ||   144
Block: Buckler           |    25 |    33 |    36 ||    94
